 Dungeon Crawl Stone Soup version 0.21.1-1-g345015f (webtiles) character file.

40035 Hebeh the Severer (level 13, 0/119 HPs)
             Began as a Minotaur Fighter on June 23, 2018.
             Was a High Priest of Trog.
             Slain by a blink frog (6 damage)
             ... on level 5 of the Lair of Beasts.
             The game lasted 01:27:57 (21712 turns).

Hebeh the Severer (Minotaur Fighter)               Turns: 21712, Time: 01:27:57

Health: 0/119      AC: 16    Str: 26    XL:     13   Next: 72%
Magic:  24/24      EV:  2    Int: 15    God:    Trog [*****.]
Gold:   1199       SH:  0    Dex: 10    Spells: 12/12 levels left

rFire    + . .     SeeInvis .   a - +1 war axe (chop)
rCold    + . .     Gourm    .   V - +2 shield of Resistance {rF+ rC+ MR+}
rNeg     + + +     Faith    .   w - +1 ring mail of the Hippo {+Blink rCorr Int+5}
rPois    ∞         Spirit   .   S - +3 hat of Pondering {ponderous, MR+ MP+10 Int+5}
rElec    .         Reflect  .   A - +1 cloak
rCorr    +         Harm     .   (no gloves)
MR       ++...                  v - +0 pair of boots
Stlth    ..........             (no amulet)
HPRegen  0.29/turn              H - +6 ring of evasion
MPRegen  0.19/turn              r - ring of poison resistance

@: petrified, slow
A: retaliatory headbutt, horns 2
a: Berserk, Trog's Hand, Brothers in Arms, Burn Spellbooks, Renounce Religion,
Evoke Blink


You were on level 5 of the Lair of Beasts.
You worshipped Trog.
Trog was extremely pleased with you.
You were not hungry.

You visited 3 branches of the dungeon, and saw 19 of its levels.
You also visited: Sewer and Ossuary.

You collected 1199 gold pieces.

Inventory:

Hand Weapons
 a - a +1 war axe of chopping (weapon)
 b - a +1 morningstar of flaming
 K - a +3 dire flail of venom
Missiles
 s - 18 tomahawks (quivered)
Armour
 c - the +1 chain mail "Tegheung" {rC+ rN+, unknown}
   (You found it on level 4 of the Lair of Beasts)

   It protects you from cold.
   It protects you from negative energy.
 v - a +0 pair of boots (worn)
 w - the +1 ring mail of the Hippo (worn) {+Blink rCorr Int+5}
   (You found it on level 7 of the Dungeon)

   It affects your intelligence (+5).
   It lets you blink.
   It protects you from acid and corrosion.
 x - a +0 hat
 A - a +1 cloak (worn)
 Q - a +1 chain mail of cold resistance
 S - the +3 hat of Pondering (worn) {ponderous, MR+ MP+10 Int+5}
   (You took it off Gastronok on level 1 of the Lair of Beasts)

   It affects your intelligence (+5).
   It affects your resistance to hostile enchantments.
   It affects your magic capacity (+10).
 V - the +2 shield of Resistance (worn) {rF+ rC+ MR+}
   (You found it on level 13 of the Dungeon)

   It protects you from fire.
   It protects you from cold.
   It affects your resistance to hostile enchantments.
Jewellery
 k - a +3 ring of protection
 r - a ring of poison resistance (right hand)
 H - a +6 ring of evasion (left hand)
 L - an uncursed ring of flight
 R - a +4 ring of strength
 T - an uncursed ring of protection from cold
Wands
 o - a wand of flame (51)
 B - a wand of digging (12)
 I - a wand of random effects (57)
 J - a wand of enslavement (20)
 M - a wand of iceblast (21)
 O - a wand of acid (12)
 W - a wand of paralysis (13)
Scrolls
 e - 7 scrolls of enchant armour
 g - 4 scrolls of magic mapping
 h - 7 scrolls of teleportation
 j - a scroll of fear
 m - 7 scrolls of identify
 y - a scroll of blinking
 z - 2 scrolls of fog
 F - 7 scrolls of remove curse
Potions
 d - 12 potions of might
 i - 2 potions of mutation
 l - 11 potions of curing
 n - 8 potions of flight
 p - 2 potions of ambrosia
 q - 2 potions of lignification
 t - a potion of berserk rage
 u - 6 potions of brilliance
 C - 2 potions of resistance
 D - a potion of invisibility
 E - 2 potions of cancellation
 G - a potion of agility
 N - 2 potions of haste
Miscellaneous
 P - a fan of gales
Comestibles
 f - 22 rations
 X - 36 chunks of flesh


   Skills:
 + Level 12.9 Fighting
 - Level 16.0(16.2) Axes
 + Level 4.3(11.5) Maces & Flails
 + Level 12.9 Armour
 * Level 13.6 Shields
 + Level 3.2 Evocations


You had 12 spell levels left.
You didn't know any spells.

Dungeon Overview and Level Annotations

Branches:
Dungeon (13/15)            Temple (1/1) D:6            Lair (5/6) D:10
  Swamp (0/4) Lair:2        Snake (0/4) Lair:3          Orc (0/2) D:9
  Slime: Lair:5-6    Vaults: D:13-14

Altars:
Dithmenos
Elyvilon
Kikubaaqudgha
Nemelex Xobeh
Ru
Sif Muna
Trog
Vehumet
Xom
Yredelemnul
The Shining One

Shops:
D:10 *   D:12 ?[%(   D:13 *

Annotations:
D:7 Prince Ribbit


Innate Abilities, Weirdness & Mutations

You reflexively headbutt those who attack you in melee.
You have a pair of horns on your head.


Message History

The blink frog blinks!
The catoblepas gores you but does no damage.
The blink frog hits you but does no damage.
You are engulfed in calcifying dust.
The blink frog is engulfed in calcifying dust.
The blink frog is moving more slowly.
The blink frog blinks!
The bullfrog hits you but does no damage.
The catoblepas breathes a plume of calcifying dust at you.
The blast of calcifying dust hits you!
* * * LOW HITPOINT WARNING * * *
The blast of calcifying dust hits the blink frog. x2
The blink frog is engulfed in calcifying dust.
The blink frog hits you.
The blink frog is engulfed in calcifying dust.
The blink frog stops moving altogether!
The blink frog is engulfed in calcifying dust. x3
The catoblepas gores you!
* * * LOW HITPOINT WARNING * * *
The blink frog hits you!
You die...

..P...........
....#.#......P## #..####
..#...#........##......#
..##.##.................
P.##....................
###P....................
.#........#.............
................FF......
............§§FF@YF.....
...........#.....F......
............##..........
.............#..........
......................##
.#...#..#.####...##.###
###.###.#.# .#P## ## ###
##### #####


You could see a catoblepas, 5 blink frogs and a bullfrog.

Vanquished Creatures
  Gastronok (Lair:1)
  5 hydras
  2 catoblepae
  Erica (Lair:2)
  6 two-headed ogres
  An unseen horror (D:11)
  2 ugly things
  A manticore (D:11)
  5 oklob plants (Lair:4)
  A cyclops (D:11)
  Maurice (D:10)
  A black mamba (Lair:3)
  6 elephants (Lair:2)
  7 spiny frogs
  A rime drake (Lair:5)
  The ghost of Mesmaeker13 the Skirmisher, a novice GrMo of Gozag (D:6)
  5 komodo dragons
  2 trolls (D:13)
  20 blink frogs
  2 hippogriffs
  A wyvern (Lair:1)
  7 yaks
  Eustachio (D:4)
  2 wraiths
  A human (D:9)
  A hungry ghost (D:13)
  2 basilisks (Lair:2)
  3 hogs (D:9)
  A steam dragon (D:11)
  4 vampire mosquitoes (D:13)
  2 acid dragons
  6 water moccasins
  15 porcupines
  2 orc warriors
  3 ice beasts
  5 black bears
  4 necrophages
  5 phantoms
  5 centaurs
  7 ogres
  4 wolves (Lair:3)
  2 big kobolds (Sewer)
  17 crocodiles
  15 bullfrogs
  Blork the orc (D:6)
  A gnoll sergeant (D:6)
  A wyvern skeleton (D:11)
  A water moccasin skeleton (D:6)
  4 scorpions
  16 killer bees
  A wight (D:7)
  8 howler monkeys
  The ghost of RottenKnight the Caller, a weakling MfSu (D:3)
  5 crimson imps
  2 centaur zombies
  A bullfrog zombie (D:12)
  5 hounds
  A bullfrog skeleton (D:9)
  3 jellies
  6 orc priests
  9 orc wizards
  2 iguanas
  4 worker ants
  A hound skeleton (D:5)
  3 mummies (Ossuary)
  A worker ant zombie (D:11)
  3 gnolls (D:6)
  5 river rats
  13 adders
  2 shadow imps
  4 oozes
  2 adder skeletons
  3 adder zombies
  2 worms
  A dart slug (D:1)
  12 leopard geckos
  36 orcs
  2 giant cockroaches
  10 goblins
  7 hobgoblins
  18 jackals
  3 quokkas
  6 ball pythons
  13 bats
  6 frilled lizards
  2 goblin zombies (Ossuary)
  5 hobgoblin zombies (Ossuary)
  21 kobolds
  3 kobold zombies (Ossuary)
  26 rats
  A spectral orc (D:2)
  4 fungi
  15 plants
488 creatures vanquished.

Vanquished Creatures (others)
  A human (D:8)
  4 wights (D:6)
  3 fungi
  8 plants
16 creatures vanquished.

Grand Total: 504 creatures vanquished

Notes
Turn   | Place    | Note
-------+----------+-------------------------------------------
     0 | D:1      | Hebeh the Minotaur Fighter began the quest for the Orb.
     0 | D:1      | Reached XP level 1. HP: 19/19 MP: 0/0
   109 | D:1      | Reached XP level 2. HP: 24/27 MP: 1/1
   171 | D:1      | Reached skill level 3 in Axes
   602 | D:1      | Reached XP level 3. HP: 29/33 MP: 2/2
   906 | D:2      | Found a sparkling altar of Nemelex Xobeh.
  1172 | D:2      | Found a basalt altar of Yredelemnul.
  1506 | D:3      | Reached XP level 4. HP: 32/40 MP: 3/3
  1599 | D:3      | Found a deep blue altar of Sif Muna.
  1943 | D:3      | Noticed an ogre
  1951 | D:3      | Killed an ogre
  1951 | D:3      | Reached skill level 4 in Axes
  1951 | D:3      | Reached XP level 5. HP: 40/47 MP: 4/4
  1985 | D:3      | Found a glowing drain.
  2001 | Sewer    | Entered a sewer
  2126 | Sewer    | Reached skill level 5 in Axes
  2126 | Sewer    | Reached XP level 6. HP: 40/55 MP: 5/5
  2134 | Sewer    | Reached skill level 5 in Fighting
  2134 | Sewer    | Reached skill level 5 in Shields
  2285 | Sewer    | Reached skill level 5 in Armour
  3014 | D:3      | Noticed RottenKnight's ghost (weakling MfSu)
  3026 | D:3      | Killed RottenKnight's ghost
  3266 | D:4      | Reached skill level 6 in Axes
  3266 | D:4      | Reached XP level 7. HP: 61/61 MP: 6/6
  3337 | D:4      | Noticed Eustachio
  3349 | D:4      | Killed Eustachio
  3876 | D:5      | Entered Level 5 of the Dungeon
  4007 | D:5      | Reached skill level 7 in Axes
  4067 | D:5      | Found a shadowy altar of Dithmenos.
  4178 | D:5      | Reached XP level 8. HP: 70/70 MP: 7/7
  4688 | D:6      | Reached skill level 8 in Axes
  4984 | D:6      | Found a staircase to the Ecumenical Temple.
  4994 | Temple   | Entered the Ecumenical Temple
  5012 | Temple   | Became a worshipper of Trog the Wrathful
  5217 | D:6      | Noticed Blork the orc
  5222 | D:6      | Killed Blork the orc
  5233 | D:6      | Reached skill level 9 in Axes
  5412 | D:6      | Noticed Mesmaeker13's ghost (novice GrMo)
  5424 | D:6      | Killed Mesmaeker13's ghost
  5424 | D:6      | Reached XP level 9. HP: 71/79 MP: 8/8
  6019 | D:7      | Found a sand-covered staircase.
  6027 | Ossuary  | Entered an ossuary
  6042 | Ossuary  | Reached * piety under Trog
  6444 | D:7      | Found a deep blue altar of Sif Muna.
  6700 | D:7      | Reached skill level 10 in Axes
  6725 | D:7      | Noticed Prince Ribbit
  6860 | D:7      | Found a glowing golden altar of the Shining One.
  7094 | D:7      | Got a transparent ring mail
  7222 | D:7      | Identified the cursed +1 ring mail of the Hippo {+Blink rCorr Int+5} (You found it on level 7 of the Dungeon)
  7261 | D:8      | Found an ancient bone altar of Kikubaaqudgha.
  7449 | D:8      | Noticed a two-headed ogre
  7458 | D:8      | Killed a two-headed ogre
  7473 | D:8      | Reached skill level 11 in Axes
  7494 | D:8      | Reached XP level 10. HP: 45/90 MP: 9/9
  7738 | D:8      | Reached ** piety under Trog
  8371 | D:9      | Found a sacrificial altar of Ru.
  8497 | D:9      | Noticed a two-headed ogre
  8507 | D:9      | Killed a two-headed ogre
  8725 | D:9      | Found a staircase to the Orcish Mines.
  8953 | D:9      | Reached skill level 12 in Axes
  9241 | D:10     | Entered Level 10 of the Dungeon
  9395 | D:10     | Reached *** piety under Trog
  9407 | D:10     | Reached XP level 11. HP: 53/99 MP: 10/10
  9543 | D:10     | Noticed a two-headed ogre
  9907 | D:10     | Found Nokot's General Store.
 10014 | D:10     | Found a staircase to the Lair.
 10032 | D:10     | Reached skill level 10 in Fighting
 10046 | D:10     | Killed a two-headed ogre
 10046 | D:10     | Reached skill level 13 in Axes
 10046 | D:10     | Reached skill level 10 in Armour
 10046 | D:10     | Reached skill level 10 in Shields
 10240 | D:10     | Noticed Maurice
 10252 | D:10     | Killed Maurice
 10964 | D:11     | Noticed a white ugly thing
 10972 | D:11     | HP: 1/100 [white ugly thing (33)]
 10977 | D:11     | Killed a white ugly thing
 11257 | D:11     | Noticed a two-headed ogre
 11265 | D:11     | Killed a two-headed ogre
 11505 | D:11     | Reached **** piety under Trog
 11908 | D:11     | Killed an unseen horror
 11908 | D:11     | Reached skill level 14 in Axes
 12445 | D:12     | Found Dukem's Antique Weapon Boutique.
 12495 | D:12     | Noticed a two-headed ogre
 12503 | D:12     | Killed a two-headed ogre
 12899 | D:12     | Found Tajagg's Magic Scroll Shop.
 12925 | D:12     | Noticed a cyan ugly thing
 12950 | D:12     | Killed a cyan ugly thing
 13268 | D:12     | Found Ejoggaocko's Antique Armour Shoppe.
 13320 | D:12     | Found Conil's Food Shoppe.
 13718 | D:13     | Reached XP level 12. HP: 92/110 MP: 11/11
 13963 | D:13     | Found Tynn's General Store.
 14453 | D:13     | Found the +2 shield of Resistance {rF+ rC+ MR+}
 14758 | D:13     | Noticed a two-headed ogre
 14774 | D:13     | Killed a two-headed ogre
 15580 | Lair:1   | Entered Level 1 of the Lair of Beasts
 15580 | Lair:1   | Noticed an eight-headed hydra
 15586 | D:10     | Killed an eight-headed hydra
 15773 | Lair:1   | Noticed Gastronok
 15792 | Lair:1   | Killed Gastronok
 15792 | Lair:1   | Reached skill level 15 in Axes
 16939 | Lair:2   | Noticed a five-headed hydra
 16947 | Lair:2   | Killed a five-headed hydra
 17054 | Lair:2   | Noticed Erica
 17063 | Lair:2   | Killed Erica
 17175 | Lair:2   | Noticed a catoblepas
 17186 | Lair:2   | Killed a catoblepas
 17239 | Lair:2   | Reached XP level 13. HP: 75/118 MP: 12/12
 17433 | Lair:2   | Found a staircase to the Swamp.
 17467 | Lair:2   | Reached skill level 16 in Axes
 17835 | Lair:2   | Got a steaming short sword
 17836 | Lair:2   | Identified the +3 short sword of the Fray {flame, Int+6 Stlth+} (You found it on level 2 of the Lair of Beasts)
 17996 | Lair:3   | Found a staircase to the Snake Pit.
 18046 | Lair:3   | Reached ***** piety under Trog
 18163 | Lair:3   | Reached skill level 1 in Maces & Flails
 18196 | Lair:3   | Reached skill level 1 in Evocations
 20024 | Lair:4   | Got a shimmering chain mail
 21712 | Lair:5   | Slain by a blink frog

Skill      XL: |  1  2  3  4  5  6  7  8  9 10 11 12 13 |
---------------+----------------------------------------+-----
Axes           | 3 4 5 6 7 9 11 12 14 15 16 | 16.0
Shields        | 4 5 6 7 8 9 11 12 13 | 13.6
Armour         | 4 5 6 7 8 9 11 12 | 12.9
Fighting       | 4 5 6 7 8 9 11 12 | 12.9
Maces & Flails | 4 |  4.3
Evocations     | 3 |  3.2

Action                   |  1- 3 |  4- 6 |  7- 9 | 10-12 | 13-15 || total
-------------------------+-------+-------+-------+-------+-------++-------
Melee: War axe           |   143 |   164 |   335 |   686 |   209 ||  1537
       Headbutt          |     9 |    30 |    59 |   154 |    78 ||   330
       Morningstar       |       |       |       |    12 |   126 ||   138
Invok: Burn Spellbooks   |       |       |     3 |       |       ||     3
       Berserk           |       |       |       |     1 |       ||     1
 Abil: Evoke Blink       |       |       |     1 |       |       ||     1
  Use: Scroll            |     2 |     4 |     6 |    23 |     1 ||    36
       Potion            |       |       |     2 |     6 |     3 ||    11
 Stab: Petrified         |       |       |       |       |     1 ||     1
  Eat: Chunk             |     2 |     6 |     9 |    17 |     5 ||    39
       Ration            |       |       |     1 |     5 |     3 ||     9
Armor: Scale mail        |    70 |    19 |    94 |       |       ||   183
       Ring mail         |       |    26 |     5 |   125 |    70 ||   226
Dodge: Dodged            |    57 |    81 |   109 |   292 |   126 ||   665
Block: Shield            |    80 |    94 |   165 |   404 |   163 ||   906
